 Dungeon Sprint DCSS version 0.23-a0-183-gf37f6fb (webtiles) character file.

1981 Felrender the Cleaver (level 9, -3/83 HPs)
             Began as a Minotaur Fighter on Sept 22, 2018.
             Was a Believer of Okawaru.
             Slain by a demonic crawler (7 damage)
             ... in the Dungeon (Sprint I: "Red Sonja").
             The game lasted 00:03:30 (1414 turns).

Felrender the Cleaver (Minotaur Fighter)            Turns: 1414, Time: 00:03:31

Health: -3/83      AC: 12    Str: 24    XL:     9   Next: 1%
Magic:  8/8        EV: 12    Int:  3    God:    Okawaru [**....]
Gold:   247        SH: 13    Dex: 15    Spells: 8/8 levels left

rFire    . . .     SeeInvis +   a - +0 war axe
rCold    . . .     Gourm    .   c - +0 shield
rNeg     . . .     Faith    .   e - +0 chain mail of Evolution {Int-2 Dex+5 SInv} (curse)
rPois    .         Spirit   .   (helmet restricted)
rElec    .         Reflect  .   (no cloak)
rCorr    .         Harm     .   (no gloves)
MR       .....     NoTele   +   (no boots)
Stlth    ..........             (no amulet)
HPRegen  0.23/turn              (no ring)
MPRegen  0.11/turn              (no ring)

@: no status effects
A: retaliatory headbutt, horns 2
a: Heroism, Renounce Religion


You were in the Dungeon.
You worshipped Okawaru.
Okawaru was pleased with you.
You were not hungry.

You visited 1 branch You collected 513 gold pieces.
You spent 266 gold pieces at shops.

Inventory:

Hand Weapons
 a - a +0 war axe (weapon)
 m - a +1 scythe of venom
Armour
 b - a +0 scale mail
 c - a +0 shield (worn)
 e - the cursed +0 chain mail of Evolution (worn) {Int-2 Dex+5 SInv}
   (You bought it in a shop in the Dungeon)

   It affects your intelligence (-2).
   It affects your dexterity (+5).
   It lets you see invisible.
   It has a curse placed upon it.
 l - a +1 scale mail of poison resistance
 n - a +1 robe of cold resistance
Scrolls
 k - a scroll of blinking
Potions
 i - 2 potions of magic


   Skills:
 + Level 9.2 Fighting
 + Level 13.1 Axes
 + Level 12.1 Armour
 + Level 6.3 Dodging
 + Level 1.3 Stealth
 + Level 12.4 Shields


You had 8 spell levels left.
You didn't know any spells.
Your spell library was empty.

Dungeon Overview and Level Annotations

Branches:
Dungeon (1/1)

Altars:
Cheibriados
Dithmenos
Elyvilon
Fedhas
Gozag
Hepliaklqana
Kikubaaqudgha
Makhleb
Nemelex Xobeh
Okawaru
Qazlal
Ru
Sif Muna
Trog
Uskayaw
Vehumet
Wu Jian
Xom
Yredelemnul
Zin
The Shining One
Jiyva
Lugonu

Shops:
D [=


Innate Abilities, Weirdness & Mutations

You reflexively headbutt those who attack you in melee.
You have a pair of horns on your head.


Message History

You completely miss the demonic crawler.
The demonic crawler barely misses you. You block the demonic crawler's attack.
The demonic crawler hits you but does no damage.
The demonic crawler hits you!
* * * LOW HITPOINT WARNING * * *
The demonic crawler hits you.
* * * LOW HITPOINT WARNING * * *
The demonic crawler closely misses you.
You hit the demonic crawler.
The demonic crawler is moderately wounded.
You hit the demonic crawler but do no damage.
You block the demonic crawler's attack. x2
The demonic crawler hits you but does no damage. x2
The demonic crawler misses you. The demonic crawler barely misses you.
You hit the demonic crawler but do no damage.
You headbutt the demonic crawler!
The demonic crawler is moderately wounded.
You hit the demonic crawler. You block the demonic crawler's attack.
The demonic crawler hits you!
You die...

##################
.#..'..#__#..[...#
.'..#..'..'.)#..s##+#
'#####'#__####..@s..#
.#...#)####§)#####..+
##..##(#§≈§§c# ##
_##'#_(+≈§§§§
..'..._#§≈§.c#
_##_(#+##+#### _###'#
####(## ..'...+


You could see 2 demonic crawlers.

Vanquished Creatures
  2 kobold demonologists (D)
  2 demonic crawlers (D)
  A slime creature (D)
  A yak (D)
  Sigmund (D)
  A floating eye (D)
  An ogre (D)
  A jelly (D)
  Ijyb (D)
11 creatures vanquished.

Vanquished Creatures (others)
  Sonja (D)
1 creature vanquished.

Grand Total: 12 creatures vanquished

Notes
Turn   | Place    | Note
-------+----------+-------------------------------------------
     0 | D        | Felrender the Minotaur Fighter began the quest for the Orb.
     0 | D        | Reached XP level 1. HP: 19/19 MP: 0/0
     1 | D        | Noticed Ijyb
    40 | D        | Killed Ijyb
    40 | D        | Reached skill level 3 in Axes
    40 | D        | Reached skill level 5 in Armour
    40 | D        | Reached skill level 1 in Dodging
    40 | D        | Reached skill level 5 in Shields
    40 | D        | Reached XP level 2. HP: 15/28 MP: 1/1
   184 | D        | Noticed an ogre
   194 | D        | Killed an ogre
   194 | D        | Reached skill level 5 in Fighting
   194 | D        | Reached skill level 5 in Axes
   194 | D        | Reached XP level 3. HP: 11/37 MP: 2/2
   194 | D        | Reached XP level 4. HP: 13/44 MP: 3/3
   424 | D        | Noticed Sigmund
   433 | D        | Killed Sigmund
   433 | D        | Reached skill level 7 in Axes
   433 | D        | Reached XP level 5. HP: 30/52 MP: 4/4
   666 | D        | Found an ornate altar of the Wu Jian Council.
   666 | D        | Found a deep blue altar of Sif Muna.
   668 | D        | Found a radiant altar of Vehumet.
   670 | D        | Reached XP level 6. HP: 56/60 MP: 5/5
   689 | D        | Found Ughid's Jewellery Emporium.
   689 | D        | Found an ancient bone altar of Kikubaaqudgha.
   689 | D        | Found a hazy altar of Hepliaklqana.
   689 | D        | Found a hide-covered altar of Uskayaw.
   689 | D        | Found a basalt altar of Yredelemnul.
   689 | D        | Found an opulent altar of Gozag.
   689 | D        | Found a snail-covered altar of Cheibriados.
   689 | D        | Found a sacrificial altar of Ru.
   689 | D        | Found a shadowy altar of Dithmenos.
   689 | D        | Noticed a yak
   697 | D        | Killed a yak
   697 | D        | Reached skill level 9 in Axes
   698 | D        | Found a stormy altar of Qazlal.
   698 | D        | Found a blossoming altar of Fedhas.
   698 | D        | Found a bloodstained altar of Trog.
   698 | D        | Found an iron altar of Okawaru.
   698 | D        | Found a glowing golden altar of the Shining One.
   698 | D        | Found a glowing silver altar of Zin.
   698 | D        | Found a white marble altar of Elyvilon.
   701 | D        | Found a sparkling altar of Nemelex Xobeh.
   706 | D        | Became a worshipper of Warmaster Okawaru
   796 | D        | Noticed Sonja
   947 | D        | Killed Sonja
   947 | D        | Reached skill level 10 in Axes
   947 | D        | Reached skill level 10 in Armour
   947 | D        | Reached skill level 10 in Shields
   947 | D        | Reached XP level 7. HP: 51/68 MP: 6/6
  1039 | D        | Found Xeolliewa's Armour Boutique.
  1047 | D        | Bought the cursed +0 chain mail of Evolution {Int-2 Dex+5
                  | SInv} for 266 gold pieces
  1074 | D        | Noticed a centaur warrior
  1074 | D        | Noticed a centaur warrior
  1084 | D        | Found a burning altar of Makhleb.
  1084 | D        | Found a viscous altar of Jiyva.
  1084 | D        | Found a shimmering altar of Xom.
  1084 | D        | Found a corrupted altar of Lugonu.
  1084 | D        | Noticed a slime creature
  1090 | D        | Killed a slime creature
  1090 | D        | Reached skill level 5 in Dodging
  1103 | D        | Noticed a kobold demonologist
  1104 | D        | Noticed a kobold demonologist
  1105 | D        | Noticed a soul eater
  1106 | D        | Paralysed by a floating eye for 2 turns
  1107 | D        | Noticed a sun demon
  1109 | D        | Noticed a red devil
  1110 | D        | Noticed a soul eater
  1112 | D        | Reached skill level 11 in Axes
  1112 | D        | Reached XP level 8. HP: 58/74 MP: 7/7
  1121 | D        | Noticed an orange demon
  1121 | D        | Killed a kobold demonologist
  1121 | D        | Reached * piety under Okawaru
  1121 | D        | Reached skill level 1 in Stealth
  1126 | D        | Killed a kobold demonologist
  1126 | D        | Reached skill level 12 in Axes
  1397 | D        | Noticed a demonic crawler
  1397 | D        | Noticed a demonic crawler
  1397 | D        | Noticed a demonic crawler
  1397 | D        | Noticed a demonic crawler
  1407 | D        | Killed a demonic crawler
  1407 | D        | Reached ** piety under Okawaru
  1410 | D        | Killed a demonic crawler
  1410 | D        | Reached skill level 13 in Axes
  1410 | D        | Reached XP level 9. HP: 23/83 MP: 8/8
  1412 | D        | HP: 3/83 [demonic crawler (2)]
  1414 | D        | Slain by a demonic crawler

Vault maps used:
D:        dungeon_sprint_1

Skill      XL: |  1  2  3  4  5  6  7  8 |
---------------+-------------------------+-----
Fighting       | 4 5 7 8 9 |  9.2
Axes           | 3 5 7 10 11 13 | 13.1
Armour         | 5 6 8 10 12 | 12.1
Dodging        | 1 2 4 5 6 |  6.3
Shields        | 5 7 8 9 10 11 12 | 12.4
Stealth        | 1 |  1.3

Action                   |  1- 3 |  4- 6 |  7- 9 || total
-------------------------+-------+-------+-------++-------
Melee: War axe           |    45 |    32 |    38 ||   115
       Headbutt          |     1 |     4 |    14 ||    19
  Use: Potion            |       |     4 |     1 ||     5
  Eat: Ration            |       |       |     1 ||     1
Armor: Scale mail        |    13 |    24 |       ||    37
       Chain mail        |       |       |    27 ||    27
Dodge: Dodged            |    10 |    21 |    33 ||    64
Block: Shield            |    21 |    34 |    35 ||    90

Table legend:
 A = Non-vault XP
 B = Vault XP
 C = Vault XP percentage of total XP
 D = Non-vault monster count
 E = Vault monster count
 F = Vault count percentage of total count
                 A         B        C        D         E       F
            +---------+---------+-------+---------+---------+-------
      Total |       0 |    2831 | 100.0 |       0 |      12 | 100.0
            +---------+---------+-------+---------+---------+-------
          D |       0 |    2831 | 100.0 |       0 |      12 | 100.0
            +---------+---------+-------+---------+---------+-------
